 Dungeon Crawl Stone Soup version 0.26-a0-540-g8a0c9464d7 (webtiles) character file.

Game seed: 17508617795919324084

44 vurker the Sneak (level 3, -2/30 HPs)
             Began as a Formicid Delver on Aug 24, 2020.
             Slain by an adder (4 damage)
             ... on level 2 of the Dungeon.
             The game lasted 00:01:57 (1404 turns).

vurker the Sneak (Formicid Delver)                  Turns: 1404, Time: 00:01:58

Health: -2/30      AC:  3    Str: 17    XL:     3   Next: 85%
Magic:  3/3        EV:  9    Int:  9    God:
Gold:   154        SH:  7    Dex: 12    Spells: 2/2 levels left

rFire    . . .     SeeInvis +   a - +0 hand axe
rCold    . . .     Faith    .   n - +0 kite shield
rNeg     . . .     Spirit   .   b - +0 leather armour
rPois    .         Reflect  .   (helmet unavailable)
rElec    .         Harm     .   (no cloak)
rCorr    .                      (no gloves)
MR       .....                  (no boots)
Stlth    +++.......             (no amulet)
HPRegen  0.10/turn              (no ring)
MPRegen  0.08/turn              (no ring)

@: lethally poisoned (-2 -> -7), flying
A: permanent stasis, dig shafts and tunnels, four strong arms, antennae 3
a: Dig, Shaft Self


You were on level 2 of the Dungeon.
You visited 1 branch of the dungeon, and saw 5 of its levels.

You collected 154 gold pieces.

Inventory:

Hand Weapons
 a - a +0 hand axe (weapon)
Armour
 b - a +0 leather armour (worn)
 n - a +0 kite shield (worn)
   (You found it on level 1 of the Dungeon)
Wands
 v - a wand of digging (3)
Scrolls
 c - a scroll of fog
 d - a scroll of magic mapping
 e - a scroll of fear
 h - a scroll of blinking {unknown}
 i - 2 scrolls of remove curse {unknown}
 m - a scroll of teleportation {unknown}
 o - a scroll of identify {unknown}
Potions
 f - a potion of curing {unknown}
 j - a potion of lignification {unknown}
 k - a potion of brilliance {unknown}
 l - a potion of degeneration {unknown}


   Skills:
 + Level 3.9 Fighting
 * Level 3.3 Axes
 - Level 1.7 Dodging
 - Level 6.0 Stealth
 + Level 0.2 Shields


You had 2 spell levels left.
You didn't know any spells.
Your spell library was empty.

Dungeon Overview and Level Annotations

Branches:
Dungeon (5/15)
 Temple: D:4-7

Altars:
Yredelemnul

Annotations:
D:5 1 runed translucent door, vurker's ghost, weakling GnDe


Innate Abilities, Weirdness & Mutations

You cannot be hasted, slowed, berserked, paralysed or teleported.
You can dig through walls and to a lower floor.
Your four strong arms can wield two-handed weapons with a shield.
You have a pair of large antennae on your head. (SInv)


Message History

You climb downwards.
There is a stone staircase leading up here.
Unknown command.
Unknown command.
The adder hisses angrily.
The hobgoblin shouts!
The hobgoblin closely misses you.
You hit the adder. You hit the hobgoblin. The adder closely misses you.
The hobgoblin hits you but does no damage.
You barely miss the adder. You hit the hobgoblin but do no damage.
The adder bites you. You block the hobgoblin's attack.
The adder completely misses you.
You closely miss the adder. You barely miss the hobgoblin.
The adder barely misses you. The hobgoblin hits you. The adder bites you.
You hit the adder. You hit the hobgoblin. The hobgoblin barely misses you.
The adder bites you. The hobgoblin barely misses you.
You closely miss the adder. You hit the hobgoblin.
You block the adder's attack. The adder bites you but does no damage.
You block the hobgoblin's attack.
You hit the hobgoblin but do no damage. You barely miss the adder.
You block the adder's attack. The hobgoblin hits you. The adder bites you.
* * * LOW HITPOINT WARNING * * *
You hit the adder. You hit the hobgoblin.
You kill the hobgoblin!
The adder completely misses you.
You miss the adder. You block the adder's attack. The adder bites you.
* * * LOW HITPOINT WARNING * * *
You miss the adder. The adder bites you.
* * * LOW HITPOINT WARNING * * *
You barely miss the adder. The adder barely misses you. The adder bites you.
* * * LOW HITPOINT WARNING * * *
Unknown command.
It was a potion of magic.
Magic courses through your body. The adder barely misses you.
You closely miss the adder. The adder barely misses you.
You block the adder's attack.
You barely miss the adder. The adder bites you but does no damage.
You barely miss the adder. The adder barely misses you.
The adder bites you but does no damage.
You miss the adder. The adder barely misses you.
You miss the adder. The adder bites you.
* * * LOW HITPOINT WARNING * * *
You are lethally poisoned!
The adder poisons you! The adder barely misses you.
Okay, then.
It was a potion of flight.
You feel very buoyant.
You fly up into the air.
* * * LOW HITPOINT WARNING * * *
You feel sick. The adder bites you.
You die...

#...........#
##.
#.##.###....#
##.##.####.#.#
#..$...###.#.#
#..##÷.......#
#. ##.###+### #
#.##.._##
#.#....?##
#<.@.....#
#..S†.....#
............+
..............#
#.###..[.......
.. #..###.###.
# ##.# .# #.#
+#


You could see an adder.

Vanquished Creatures
  An adder (D:2)
  An ooze (D:3)
  A dart slug (D:1)
  A leopard gecko (D:1)
  2 giant cockroaches
  3 goblins (D:1)
  4 hobgoblins
  A quokka (D:3)
  A ball python (D:2)
  3 bats (D:1)
  A frilled lizard (D:1)
  4 kobolds
  4 rats
27 creatures vanquished.

Notes
Turn   | Place    | Note
-------+----------+-------------------------------------------
     0 | D:5      | vurker the Formicid Delver began the quest for the Orb.
     0 | D:5      | Reached XP level 1. HP: 18/18 MP: 1/1
    10 | D:5      | Found a runed translucent door.
    13 | D:5      | Noticed vurker's ghost (weakling GnDe)
    67 | D:4      | Noticed an ogre
   153 | D:3      | Reached XP level 2. HP: 4/24 MP: 2/2
   539 | D:2      | Reached XP level 3. HP: 30/30 MP: 3/3
   544 | D:2      | Found a basalt altar of Yredelemnul.
  1404 | D:2      | Slain by an adder

Illustrated notes

Levels and vault maps discovered:
D:1:      onia_arrival_mini_spirals, layout_loops_ring
D:2:      layout_loops_corners, lemuel_doored_altar, kiku_gazebo_pond_becter,
          overflow_temple_1_default, roderic_serpentine_path, st_stairs_10,
          nrook_loot_triangle, grunt_gozag_statues, uniq_sigmund
D:3:      layout_basic, nicolae_dithmenos_shadow_blocks
D:4:      wad_lake_hut, layout_rooms, gammafunk_temple_overflow_forgotten,
          uniq_eustachio
D:5:      kennysheep_big_flooded_room, layout_loops_ring,
          nicolae_ru_great_annihilating_truth, serial_shops,
          nicolae_shop_temple_entry_statues_fountains,
          hellmonk_ghost_happy_afterlife

Skill      XL: |  1  2  3 |
---------------+----------+-----
Axes           | 3 |  3.3
Fighting       | |  3.9
Dodging        | |  1.7
Stealth        | |  6.0
Shields        | |  0.2

Action                   || total
-------------------------++-------
Melee: Hand axe          ||   108
  Use: Potion            ||     2
 Stab: Sleeping          ||     7
Armor: Leather armour    ||    27
Dodge: Dodged            ||    72
Block: Kite shield       ||    13

Table legend: (Time is in decaauts)
 A = Elapsed time spent in this place.
 B = Non-inter-level travel time spent in this place.
 C = Inter-level travel time spent in this place.
 D = Time resting spent in this place.
 E = Time spent auto-exploring this place.
 F = Levels seen in this place.
 G = Mean time per level.
                   A        B        C        D        E       F      G
               +--------+--------+--------+--------+--------+-----+--------+
         Total |   1423 |   1402 |     21 |      0 |   1101 |   5 |  284.6 |
       Dungeon |   1423 |   1402 |     21 |      0 |   1101 |   5 |  284.6 |
               +--------+--------+--------+--------+--------+-----+--------+

Top non-repeatable levels by time:
     D:1: 846 daAuts
     D:3: 400 daAuts
     D:2: 105 daAuts
     D:5: 62 daAuts
     D:4: 8 daAuts
